 Dungeon Crawl Stone Soup version 0.22-a0-32-ga749362 (webtiles) character file.

21086 Esekla the Nimble (level 12, -1/80 HPs)
             Began as a Vampire Wizard on Jan 2, 2018.
             Was an Elder of Sif Muna.
             Slain by a jumping spider (13 damage)
             ... on level 3 of the Lair of Beasts on Jan 3, 2018.
             The game lasted 05:24:30 (28864 turns).

Esekla the Nimble (Vampire Wizard)                 Turns: 28864, Time: 05:24:30

Health: -1/80      AC: 18    Str:  6    XL:     12   Next: 51%
Magic:  0/19       EV: 17    Int: 24    God:    Sif Muna [****..]
Gold:   725        SH:  0    Dex: 14    Spells: 7/21 levels left

rFire    + . .     SeeInvis +   F - +6 long sword (venom)
rCold    + . .     Gourm    .   (no shield)
rNeg     + + .     Faith    .   m - +4 troll leather armour {Purgy}
rPois    +         Spirit   +   c - +2 hat
rElec    .         Reflect  .   (no cloak)
rCorr    .         Harm     .   (no gloves)
MR       +....                  w - +2 pair of boots
Stlth    ++++++....             p - amulet of guardian spirit
HPRegen  0.31/turn              o - ring of wizardry
MPRegen  0.16/turn              G - ring of stealth

@: very slightly contaminated, regenerating slowly, hasted, very quick
A: fangs 3, icy blue scales 1, iridescent scales 1, see invisible, fire
resistance 1, unbreathing
a: Bat Form, Divine Energy, Channel Magic, Forget Spell, Renounce Religion


You were on level 3 of the Lair of Beasts.
You worshipped Sif Muna.
Sif Muna was greatly pleased with you.
You were thirsty.

You visited 3 branches of the dungeon, and saw 15 of its levels.

You collected 958 gold pieces.
You spent 233 gold pieces at shops.

Inventory:

Hand Weapons
 s - a +0 hunting sling
 x - the +9 glaive of Vadynn {freeze, +Blink +Fly rF- Int+4}
   (You found it on level 3 of the Lair of Beasts)

   It has been specially enchanted to freeze those struck by it, causing extra
   injury to most foes and up to half again as much damage against particularly
   susceptible opponents.
   It can also slow down cold-blooded creatures.
   It affects your intelligence (+4).
   It makes you vulnerable to fire.
   It lets you fly.
   It lets you blink.
 z - a +1 short sword of venom
 F - a +6 long sword of venom (weapon)
 I - a +3 short sword of freezing
 K - the +7 long sword "Dragon's Tongue" {vamp, rF+ MR- Str+2 Int+2}
   (You found it on level 3 of the Lair of Beasts)

   It inflicts no extra harm, but heals its wielder when it wounds a living foe.
   It affects your strength (+2).
   It affects your intelligence (+2).
   It protects you from fire.
   It affects your resistance to hostile enchantments.
 M - a +0 falchion of protection
Missiles
 y - 11 tomahawks (quivered)
 E - 2 steel tomahawks
 O - 3 javelins of returning
Armour
 c - a +2 hat (worn)
 l - a +0 buckler
 m - a +4 troll leather armour (worn) {Purgy}
 w - a +2 pair of boots (worn)
 N - a +2 robe of fire resistance
 P - the +2 robe of a wizard's laboratory {rPois Dex+4 Stlth+}
   (You found it on level 10 of the Dungeon)

   It affects your dexterity (+4).
   It protects you from poison.
   It makes you more stealthy.
 R - a +2 robe of cold resistance
Jewellery
 o - a ring of wizardry (left hand)
 p - an amulet of guardian spirit (around neck)
 t - an uncursed ring of protection from fire
 B - a +3 ring of dexterity
 G - a ring of stealth (right hand)
 J - an uncursed ring of protection from magic
 T - a +5 ring of intelligence
Wands
 i - a wand of iceblast (10)
 q - a wand of flame (81)
 C - a wand of disintegration (30)
 H - a wand of digging (15)
 Q - a wand of clouds (3)
 S - a wand of paralysis (11)
Scrolls
 d - 6 scrolls of teleportation
 j - 3 scrolls of identify
 k - 2 scrolls of magic mapping
 r - 6 scrolls of remove curse
 v - 4 scrolls of blinking
 L - 2 scrolls of enchant armour
Potions
 a - a potion of might
 b - 3 potions of blood
 e - 3 potions of lignification
 f - 2 potions of cancellation
 g - a potion of resistance
 h - a potion of haste
 A - 2 potions of brilliance
 D - 3 potions of flight
 U - a potion of mutation
Books
 u - a book of the Tempests

   Spells                             Type                      Level
   a - Static Discharge               Conjuration/Air              3
   b - Lightning Bolt                 Conjuration/Air              5
   c - Ignition                       Fire                         8
   d - Tornado                        Air                          9
   e - Shatter                        Earth                        9


   Skills:
 - Level 2.5 Fighting
 - Level 9.0(10.1) Short Blades
 * Level 6.7(8.6) Long Blades
 + Level 0.1 Throwing
 - Level 4.4 Armour
 - Level 10.4 Dodging
 - Level 9.0 Stealth
 + Level 5.1 Spellcasting
 * Level 6.0 Conjurations
   Level 1.0 Summonings
   Level 1.6 Translocations
 + Level 6.2 Air Magic
 + Level 6.4 Poison Magic


You had 7 spell levels left.
You knew the following spells:

 Your Spells              Type           Power        Failure   Level  Hunger
a - Magic Dart            Conj           ####         1%          1    None
b - Slow                  Hex            #.......     9%          2    None
c - Mephitic Cloud        Conj/Pois/Air  #####...     1%          3    ##.....
d - Static Discharge      Conj/Air       #####...     1%          3    ##.....
e - Lightning Bolt        Conj/Air       #####.....   12%         5    #####..


Dungeon Overview and Level Annotations

Branches:
Dungeon (10/15)            Temple (1/1) D:4            Lair (4/6) D:10
 Spider (0/4) Lair:4          Orc (0/2) D:9
  Swamp: Lair:2-4    Shoals: Lair:2-4

Altars:
Ashenzari
Cheibriados
Dithmenos
Elyvilon
Fedhas
Gozag
Hepliaklqana
Makhleb
Nemelex Xobeh
Okawaru
Qazlal
Ru
Sif Muna
Vehumet
Wu Jian
Xom
Zin
The Shining One

Shops:
D:6 ?

Annotations:
D:3 Coron's ghost, amateur DDBe


Innate Abilities, Weirdness & Mutations

You heal slowly.
You have razor-sharp teeth.
You have supernaturally acute eyesight. (SInv)
You can survive without breathing.
You are partially covered in icy blue scales. (AC +2)
You are partially covered in iridescent scales. (AC +2)
Your flesh is heat resistant. (rF+)


Message History

* * * LOW HITPOINT WARNING * * *
The redback misses you.
You riposte.
You hit the redback.
The redback is poisoned.
The redback is severely wounded.
The jumping spider leaps!
The redback misses you.
The jumping spider leaps!
The redback completely misses you.
Okay, then.
Blink to where?
Press: ? - help, Dir - move target cursor You are very lightly contaminated with residual magic.
As you read the scroll of blinking, it crumbles to dust.
The jumping spider barely misses you. The jumping spider misses you.
There is a stone staircase leading up here.
The jumping spider leaps!
The jumping spider pounces on you!
* * * LOW HITPOINT WARNING * * *
The jumping spider bites you but does no damage.
You climb upwards.
There is a stone staircase leading down, spattered with blood here.
You feel better. The jumping spider pounces on you!
You die...

.....## ##......P# ......##
#.......## .......# ##......P#
.....### #.(%....## .....#
#........# .....# ########
#####......P#
.....###.##.#.###.##........#
................s..........###
..<.............@%.........#.#
..........................>.##
...........................##
............................#
.)..รท....................<.##
.....##.##.####.P..##.......#
.....####### #######......##
.....## #......P# ......#
##......###


You could see a jumping spider.

Vanquished Creatures
  Gastronok (Lair:2)
  Fannar (Lair:2)
  2 hydras
  A two-headed ogre (D:7)
  Sonja (Lair:3)
  An unseen horror (D:10)
  Pikel (D:9)
  An oklob plant (Lair:3)
  Psyche (D:9)
  2 black mambas
  2 spiny frogs
  A centaur skeleton (D:10)
  3 komodo dragons
  A troll (D:10)
  2 jumping spiders (Lair:4)
  8 blink frogs
  8 hippogriffs
  A redback (Lair:4)
  10 yaks
  A wyvern (Lair:3)
  3 swamp worms (Lair:2)
  7 water moccasins
  A porcupine (Lair:2)
  7 orc warriors
  A slave (D:9)
  Purgy (D:4)
  A black bear (D:6)
  4 ogres
  2 sky beasts (D:5)
  A phantom (D:10)
  An eye of draining (D:10)
  4 wolves (Lair:1)
  3 crocodiles (Lair:1)
  6 centaurs
  8 bullfrogs
  2 big kobolds
  A wyvern zombie (D:10)
  A wyvern skeleton (D:10)
  2 scorpions
  5 jellies
  8 wights
  4 killer bees (D:9)
  An electric eel (Lair:1)
  6 howler monkeys
  2 crimson imps
  2 bullfrog zombies
  A quasit (D:5)
  7 hounds
  8 orc priests
  2 bullfrog skeletons
  12 orc wizards
  5 iguanas
  Natasha (thrice) (D:4)
  5 worker ants
  A hound zombie (D:3)
  Robin (D:3)
  3 gnolls (D:6)
  10 adders
  4 shadow imps
  2 oozes
  2 adder zombies
  3 adder skeletons
  17 worms
  2 dart slugs (D:3)
  2 leopard geckos
  67 orcs
  8 bats
  4 giant cockroaches
  22 goblins
  9 hobgoblins
  11 jackals
  2 quokkas
  3 ball pythons
  7 frilled lizards
  16 kobolds
  2 leopard gecko zombies (D:6)
  A quokka skeleton (D:6)
  4 rats
  A plant (Lair:3)
380 creatures vanquished.

Vanquished Creatures (others)
  2 slaves (D:9)
  2 jackals (D:9)
  3 plants
7 creatures vanquished.

Grand Total: 387 creatures vanquished

Notes
Turn   | Place    | Note
-------+----------+-------------------------------------------
     0 | D:1      | Esekla the Vampire Wizard began the quest for the Orb.
     0 | D:1      | Reached XP level 1. HP: 13/13 MP: 4/4
     4 | D:1      | Noticed an electric eel
   241 | D:1      | Reached XP level 2. HP: 19/19 MP: 6/6
   250 | D:1      | Learned a level 2 spell: Blink
   789 | D:1      | Reached skill level 1 in Conjurations
  1098 | D:1      | Reached XP level 3. HP: 25/25 MP: 5/7
  1525 | D:2      | Reached skill level 1 in Translocations
  2002 | D:2      | Found a shadowy altar of Dithmenos.
  2054 | D:3      | Noticed Coron's ghost (amateur DDBe)
  2077 | D:2      | Reached XP level 4. HP: 25/31 MP: 7/9
  2173 | D:2      | Reached skill level 1 in Short Blades
  2965 | D:2      | Learned a level 3 spell: Mephitic Cloud
  3264 | D:3      | Noticed Robin
  3267 | D:4      | Noticed Purgy
  3293 | D:5      | Entered Level 5 of the Dungeon
  3293 | D:5      | Noticed a bullfrog
  4258 | D:3      | Reached skill level 3 in Dodging
  4646 | D:3      | Reached skill level 1 in Fighting
  4736 | D:3      | Reached XP level 5. HP: 33/37 MP: 2/10
  4811 | D:4      | Found a shadowy altar of Dithmenos.
  4915 | D:3      | Reached skill level 1 in Poison Magic
  6486 | D:3      | Killed Robin
  6530 | D:3      | Reached XP level 6. HP: 44/44 MP: 9/11
  6783 | D:4      | Found a staircase to the Ecumenical Temple.
  6999 | Temple   | Entered the Ecumenical Temple
  7107 | Temple   | Became a worshipper of Sif Muna the Loreminder
  7826 | D:4      | Reached skill level 1 in Air Magic
  7872 | D:4      | Noticed Natasha
  8163 | D:5      | Noticed a sky beast
  8226 | D:5      | Killed a sky beast
  8263 | D:5      | Noticed a sky beast
  9897 | D:4      | Reached XP level 7. HP: 24/50 MP: 5/12
 10122 | D:4      | Killed Purgy
 10122 | D:4      | Reached skill level 4 in Dodging
 10172 | D:4      | Found an ornate altar of the Wu Jian Council.
 10915 | D:5      | Reached skill level 1 in Armour
 11578 | D:4      | Killed Natasha
 11794 | D:4      | Noticed Natasha
 12338 | D:4      | Killed Natasha
 12952 | D:4      | Noticed Natasha
 12966 | D:4      | Killed Natasha
 12966 | D:4      | Reached XP level 8. HP: 39/57 MP: 7/13
 14344 | D:6      | Found Few Paus's Magic Scroll Shop.
 14348 | D:6      | Bought a scroll of enchant weapon for 97 gold pieces
 14348 | D:6      | Bought a scroll of identify for 26 gold pieces
 14348 | D:6      | Bought a scroll of random uselessness for 13 gold pieces
 14348 | D:6      | Bought a scroll of identify for 26 gold pieces
 14348 | D:6      | Bought a scroll of identify for 26 gold pieces
 14348 | D:6      | Bought a scroll of magic mapping for 45 gold pieces
 14983 | D:6      | Reached * piety under Sif Muna
 15017 | D:6      | Reached skill level 5 in Short Blades
 15017 | D:6      | Reached skill level 5 in Dodging
 15563 | D:6      | Reached skill level 5 in Stealth
 17789 | D:6      | Reached XP level 9. HP: 62/62 MP: 10/14
 18205 | D:7      | Found an iron altar of Okawaru.
 18437 | D:7      | Found a glowing golden altar of the Shining One.
 19074 | D:8      | Reached ** piety under Sif Muna
 19263 | D:8      | Noticed a two-headed ogre
 19437 | D:7      | Killed a two-headed ogre
 19478 | D:8      | Reached XP level 10. HP: 63/68 MP: 14/16
 19664 | D:8      | Reached skill level 6 in Dodging
 20058 | D:8      | Found a stormy altar of Qazlal.
 20541 | D:9      | Noticed Pikel
 20552 | D:9      | Killed Pikel
 20594 | D:9      | Reached skill level 1 in Long Blades
 20594 | D:9      | Reached skill level 5 in Air Magic
 21339 | D:9      | Noticed Psyche
 21357 | D:9      | Killed Psyche
 21357 | D:9      | Reached *** piety under Sif Muna
 21595 | D:9      | Found a staircase to the Orcish Mines.
 21810 | D:9      | Reached skill level 5 in Poison Magic
 22393 | D:10     | Entered Level 10 of the Dungeon
 22511 | D:10     | Got a crude robe
 22528 | D:10     | Identified the +2 robe of a wizard's laboratory {rPois Dex+4 Stlth+} (You found it on level 10 of the Dungeon)
 22552 | D:10     | Noticed an unseen horror
 22585 | D:10     | Killed an unseen horror
 23053 | D:10     | Reached XP level 11. HP: 72/73 MP: 15/17
 23344 | D:10     | Reached skill level 7 in Dodging
 23593 | D:10     | Found a staircase to the Lair.
 23880 | Lair:1   | Entered Level 1 of the Lair of Beasts
 24795 | Lair:1   | Learned a level 2 spell: Slow
 24801 | Lair:1   | Upgraded the game from 0.22-a0-3-g4fa69d9 to 0.22-a0-32-ga749362
 24847 | Lair:2   | Reached skill level 8 in Dodging
 25215 | Lair:2   | Noticed Gastronok
 25277 | Lair:1   | Reached **** piety under Sif Muna
 25294 | Lair:1   | Reached skill level 5 in Conjurations
 25659 | Lair:3   | Noticed a four-headed hydra
 25998 | Lair:2   | Killed Gastronok
 25998 | Lair:2   | Reached skill level 9 in Dodging
 27098 | Lair:2   | Learned a level 3 spell: Static Discharge
 27104 | Lair:2   | Learned a level 5 spell: Lightning Bolt
 27207 | D:10     | Reached skill level 5 in Spellcasting
 27207 | D:10     | Reached XP level 12. HP: 43/80 MP: 11/19
 27270 | Lair:3   | Noticed Fannar
 27274 | Lair:3   | Noticed a four-headed hydra
 27289 | Lair:2   | Killed a four-headed hydra
 27827 | Lair:3   | Killed a four-headed hydra
 27827 | Lair:3   | Reached skill level 5 in Long Blades
 27827 | Lair:3   | Reached skill level 10 in Dodging
 27867 | Lair:3   | Gained mutation: You are partially covered in icy blue scales. (AC +2) [potion of mutation]
 27867 | Lair:3   | Gained mutation: Your flesh is heat resistant. (rF+) [potion of mutation]
 27867 | Lair:3   | Gained mutation: You are partially covered in iridescent scales. (AC +2) [potion of mutation]
 28005 | Lair:3   | Got a smoking glaive
 28030 | Lair:3   | Identified the +9 glaive of Vadynn {freeze, +Blink +Fly rF- Int+4} (You found it on level 3 of the Lair of Beasts)
 28106 | Lair:3   | Noticed Sonja
 28130 | Lair:3   | Killed Sonja
 28151 | Lair:3   | Got a jewelled long sword
 28170 | Lair:3   | Identified the +7 long sword "Dragon's Tongue" {vamp, rF+ MR- Str+2 Int+2} (You found it on level 3 of the Lair of Beasts)
 28694 | Lair:2   | Killed Fannar
 28727 | Lair:4   | Noticed a catoblepas
 28845 | Lair:4   | Found a hole to the Spider Nest.
 28862 | Lair:4   | HP: 1/80 [jumping spider (7)]
 28864 | Lair:3   | Slain by a jumping spider

Vault maps used:
D:1:      arrival_aquarium_a, minmay_pentomino_v2
D:2:      marbit_many_paths, first_ration
D:3:      uniq_robin
D:4:      kennysheep_mini_moat, temple_green,
          nicolae_dithmenos_through_a_glass_darkly, uniq_purgy, uniq_natasha
D:5:      bh_chokoban
D:6:      serial_shops, shop
D:7:      kennysheep_little_box, nicolae_tso_carved_into_rock
D:8:      lemuel_round_altar, special_room
D:9:      orc_0_dummy, uniq_psyche, uniq_pikel
D:10:     david_lair_shrubbed
Temple:   dpeg_five_rooms_temple
Lair:2:   worms_lemuel, infiniplex_staircase_pool, grunt_megastairs_2,
          uniq_gastronok
Lair:3:   minmay_lair_oklob_chamber, uniq_sonja, uniq_fannar
Lair:4:   elwin_shoals_entry_stream, nicolae_spider_entry_tight_spaces,
          grunt_megastairs_4

Skill      XL: |  1  2  3  4  5  6  7  8  9 10 11 12 |
---------------+-------------------------------------+-----
Conjurations   | 1 2 3 4 5 6 |  6.0
Translocations | 1 |  1.6
Short Blades   | 1 2 3 4 6 8 9 |  9.0
Dodging        | 3 4 5 6 9 10 | 10.4
Fighting       | 1 2 |  2.5
Stealth        | 4 5 6 8 9 |  9.0
Poison Magic   | 1 2 3 4 5 6 |  6.4
Air Magic      | 2 3 4 5 6 |  6.2
Armour         | 1 2 3 4 |  4.4
Spellcasting   | 4 5 |  5.1
Long Blades    | 2 4 6 |  6.7
Throwing       | |  0.1
Summonings     | |  1.0

Action                   |  1- 3 |  4- 6 |  7- 9 | 10-12 || total
-------------------------+-------+-------+-------+-------++-------
Melee: Spear             |    29 |       |       |       ||    29
       Whip              |    10 |       |       |       ||    10
       Bite              |     9 |    48 |    53 |   133 ||   243
       Dagger            |   114 |   462 |       |       ||   576
       Unarmed           |       |     5 |       |       ||     5
       Rapier            |       |    99 |   202 |       ||   301
       Short sword       |       |       |   409 |  1228 ||  1637
       Long sword        |       |       |       |   108 ||   108
Throw: Stone             |     1 |    28 |    13 |     8 ||    50
       Tomahawk          |       |       |       |    28 ||    28
 Cast: Magic Dart        |    52 |    45 |    54 |    32 ||   183
       Mephitic Cloud    |       |    12 |    17 |    18 ||    47
       Blink             |       |     2 |       |       ||     2
       Lightning Bolt    |       |       |       |     3 ||     3
       Static Discharge  |       |       |       |     3 ||     3
 Abil: End Transformatio |       |    18 |    12 |     7 ||    37
       Bat Form          |       |    18 |    12 |     7 ||    37
  Use: Potion            |     2 |    20 |    16 |    32 ||    70
       Scroll            |       |     4 |    12 |    18 ||    34
 Stab: Sleeping          |     4 |     7 |     9 |    22 ||    42
       Distracted        |     1 |     1 |       |     4 ||     6
       Confused          |       |     9 |    11 |    15 ||    35
       Invisible         |       |       |       |     1 ||     1
Armor: Robe              |    32 |   102 |     1 |     7 ||   142
       Troll leather arm |       |       |    97 |   219 ||   316
Dodge: Dodged            |   109 |   440 |   371 |   674 ||  1594
       Rpst.: Long sword |       |       |       |    29 ||    29

Table legend:
 A = Spawn XP
 B = Non-spawn XP
 C = Spawn XP percentage of total XP
 D = Spawn monster count
 E = Non-spawn monster count
 F = Spawn count percentage of total count
 G = Total turns spent on level
                    A         B        C        D         E        F      G
               +---------+---------+-------+---------+---------+-------+---------
         Total |       0 |   30123 |   0.0 |       0 |     378 |   0.0 | 28864
               +---------+---------+-------+---------+---------+-------+---------
           D:1 |       0 |      41 |   0.0 |       0 |      25 |   0.0 |  1099
           D:2 |       0 |      65 |   0.0 |       0 |      20 |   0.0 |  2843
           D:3 |       0 |     245 |   0.0 |       0 |      41 |   0.0 |  3152
           D:4 |       0 |     719 |   0.0 |       0 |      25 |   0.0 |  5937
           D:5 |       0 |     676 |   0.0 |       0 |      20 |   0.0 |  2658
           D:6 |       0 |    1203 |   0.0 |       0 |      32 |   0.0 |  1876
           D:7 |       0 |    1577 |   0.0 |       0 |      21 |   0.0 |  1232
           D:8 |       0 |    2523 |   0.0 |       0 |      61 |   0.0 |  1402
           D:9 |       0 |    2615 |   0.0 |       0 |      28 |   0.0 |  2061
          D:10 |       0 |    3286 |   0.0 |       0 |      31 |   0.0 |  1365
        Lair:1 |       0 |    3715 |   0.0 |       0 |      19 |   0.0 |  1663
        Lair:2 |       0 |    7763 |   0.0 |       0 |      37 |   0.0 |  1881
        Lair:3 |       0 |    4608 |   0.0 |       0 |      14 |   0.0 |  1327
        Lair:4 |       0 |    1087 |   0.0 |       0 |       4 |   0.0 |    52
               +---------+---------+-------+---------+---------+-------+---------
